 Dungeon Crawl Stone Soup version 0.28-a0-381-g937acc2988 (webtiles) character file.

Game seed: 15302487535447977458

193 pmoppi the Firebug (level 5, -1/50 HPs)
             Began as an Ogre Fire Elementalist on July 22, 2021.
             Slain by a bullfrog (5 damage)
             ... on level 5 of the Dungeon on Sept 1, 2021.
             The game lasted 00:12:05 (5099 turns).

pmoppi the Firebug (Ogre Fire Elementalist)         Turns: 5099, Time: 00:12:06

Health: -1/50      AC:  3    Str: 12    XL:     5   Next: 72%
Magic:  5/9        EV: 10    Int: 17    God:
Gold:   49         SH:  0    Dex:  9    Spells: 4/10 levels left

rFire   . . .      SeeInvis .   d - +0 spear
rCold   . . .      Faith    .   (no shield)
rNeg    . . .      Spirit   .   a - +0 robe
rPois   .          Reflect  .   (helmet restricted)
rElec   .          Harm     .   (no cloak)
rCorr   .          Rampage  .   (gloves unavailable)
Will    .....                   (boots unavailable)
Stlth   +.........              (no amulet)
HPRegen 0.16/turn               (no ring)
MPRegen 0.11/turn               (no ring)

@: no status effects
A: large, unfitting armour, tough skin 1
a: no special abilities


You were on level 5 of the Dungeon.
You visited 1 branch of the dungeon, and saw 4 of its levels.

You collected 49 gold pieces.

Inventory:

Hand Weapons
 d - a +0 spear (weapon)
Armour
 a - a +0 robe (worn)
Jewellery
 g - a ring of ice
Wands
 m - a wand of paralysis (10)
Scrolls
 b - a scroll of brand weapon {unknown}
 c - a scroll of noise {unknown}
 e - a scroll of teleportation {unknown}
 f - 3 scrolls of enchant armour {unknown}
 h - a scroll of magic mapping {unknown}
 l - a scroll of identify {unknown}
 n - 3 scrolls of silence {unknown}
Potions
 i - 2 potions of ambrosia {unknown}
 j - a potion of cancellation {unknown}
 k - a potion of lignification {unknown}
 o - a potion of curing {unknown}


   Skills:
 + Level 2.7 Fighting
 + Level 2.6 Dodging
 - Level 1.4 Stealth
 - Level 3.0 Spellcasting
 + Level 2.1 Conjurations
 + Level 3.4 Fire Magic
 + Level 1.1 Air Magic
 + Level 1.1 Poison Magic


You had 4 spell levels left.
You knew the following spells:

 Your Spells              Type           Power      Damage    Failure   Level
a - Foxfire               Conj/Fire      44%        2x1d6     5%          1
b - Conjure Flame         Conj/Fire      11%        6-21      17%         3
c - Poisonous Vapours     Pois/Air       12%        N/A       17%         2

Your spell library contained the following spells:

 Spells                   Type           Power      Damage    Failure   Level
 Magic Dart               Conj           36%        1d4       8%          1
 Sting                    Tmut/Pois      16%        1d3       14%         1
 Beastly Appendage        Tmut           4%         N/A       17%         1
 Call Imp                 Summ           2%         N/A       26%         2
 Wereblood                Tmut           2%         N/A       26%         2
 Inner Flame              Hex/Fire       8%         N/A       26%         3
 Mephitic Cloud           Conj/Pois/Air  7%         N/A       28%         3
 Dazzling Flash           Conj/Hex       12%        N/A       34%         3
 Spider Form              Tmut/Pois      2%         N/A       38%         3
 Sticky Flame             Conj/Fire      11%        2d3       50%         4
 Olgreb's Toxic Radiance  Pois           6%         N/A       71%         4
 Iskenderun's Mystic Bla  Conj/Tloc      6%         2d4       75%         4
 Fireball                 Conj/Fire      5%         3d5       83%         5
 Starburst                Conj/Fire      5%         6d4       100%        6


Dungeon Overview and Level Annotations

Branches:
Dungeon (3/15)

Altars:
Makhleb
Okawaru

Shops:
D:2 ?


Innate Abilities, Weirdness & Mutations

You are too large for most types of armour.
You have tough skin. (AC +1)


Message History

A shadow imp is nearby!
A shadow imp is nearby!
Cast which spell? (? or * to list)
You conjure some foxfire!
A bullfrog comes into view.
Your foxfire dissipates!
Casting: Foxfire (safe; 5% risk of failure)
Confirm with . or Enter, or press ? or * to list all spells.
The fire begins to smoulder!
The bullfrog hits you!
The bullfrog smothers the flame.
You miss the bullfrog. The bullfrog hits you. The bullfrog hits you!
You closely miss the bullfrog. The bullfrog barely misses you.
The bullfrog hits you.
You barely miss the bullfrog. The bullfrog hits you.
The bullfrog closely misses you. The bullfrog completely misses you.
The bullfrog hits you. The bullfrog hits you!
* * * LOW HITPOINT WARNING * * *
Casting: Conjure Flame (dangerous; 17% risk of failure)
Confirm with . or Enter, or press ? or * to list all spells.
Aiming: Poisonous Vapours (safe; 17% risk of failure)
Press: ? - help, Dir - move target, f - bullfrog
Aim: a bullfrog Poisonous vapours surround the bullfrog!
The bullfrog is poisoned.
The bullfrog closely misses you.
You hit the bullfrog.
The bullfrog is moderately wounded.
The bullfrog hits you.
* * * LOW HITPOINT WARNING * * *
The bullfrog closely misses you.
You hit the bullfrog.
The bullfrog is moderately wounded.
The bullfrog hits you but does no damage.
You hit the bullfrog.
The bullfrog is severely wounded.
The bullfrog barely misses you. The bullfrog hits you!
* * * LOW HITPOINT WARNING * * *
The bullfrog hits you.
You die...

###) ... ###
#.####.####.#
#...........### ###
######.####...# #.# #..
... ##.## #.# #.# ####
#5# #.# #.# #F# #.# #.#
#@# #.# .< #)# #.# #.#
.. #.# #.## #.# #> #.#
#..# #.# #. ####.# ##.#
#.# #.
.....############.###.#
#.
####..................#
#. #
#.############.##### #.
# #.# #.##############.


You could see a bullfrog (poisoned) and a shadow imp.

Vanquished Creatures
  A necrophage (D:5)
  A hound zombie (D:5)
  A gnoll (D:1)
  An adder skeleton (D:5)
  2 worms (D:2)
  3 dart slugs
  4 bats
  8 endoplasms
  2 giant cockroaches (D:1)
  4 goblins
  6 hobgoblins
  6 jackals (D:1)
  2 quokkas (D:2)
  6 ball pythons
  3 frilled lizards (D:2)
  6 kobolds
  4 rats (D:1)
60 creatures vanquished.

Vanquished Creatures (collateral kills)
  A foxfire (D:1)
1 creature vanquished.

Vanquished Creatures (others)
  76 foxfires
76 creatures vanquished.

Grand Total: 137 creatures vanquished

Notes
Turn   | Place    | Note
-------+----------+-------------------------------------------
     0 | D:1      | pmoppi the Ogre Fire Elementalist began the quest for the
                  | Orb.
     0 | D:1      | Reached XP level 1. HP: 16/16 MP: 3/3
    35 | D:1      | Upgraded the game from 0.28-a0-2-g643f2454ad to
                  | 0.28-a0-313-gbc0475efdd
    93 | D:1      | Reached skill level 1 in Conjurations
   451 | D:1      | Reached XP level 2. HP: 26/26 MP: 2/5
   524 | D:1      | Reached skill level 1 in Fighting
  1165 | D:1      | Reached XP level 3. HP: 26/33 MP: 1/7
  1447 | D:1      | Learned a level 3 spell: Conjure Flame
  1971 | D:1      | Found a faded altar of an unknown god.
  2148 | D:2      | Found Doorisip's Magic Scroll Emporium.
  2561 | D:2      | Reached XP level 4. HP: 37/42 MP: 4/8
  3295 | D:1      | Upgraded the game from 0.28-a0-313-gbc0475efdd to
                  | 0.28-a0-381-g937acc2988
  3467 | D:2      | Learned a level 2 spell: Poisonous Vapours
  3979 | D:2      | Found a burning altar of Makhleb.
  4471 | D:3      | You fall into a shaft and drop 2 floors!
  4471 | D:5      | Entered Level 5 of the Dungeon
  4496 | D:5      | Found an iron altar of Okawaru.
  4821 | D:5      | Noticed a necrophage
  4854 | D:5      | Killed a necrophage
  4855 | D:5      | Reached skill level 1 in Air Magic
  4855 | D:5      | Reached skill level 1 in Poison Magic
  4855 | D:5      | Reached XP level 5. HP: 22/50 MP: 9/9
  5099 | D:5      | Slain by a bullfrog

Illustrated notes

Levels and vault maps discovered:
D:1:      minmay_arrival_stone_box, layout_loops_corners,
          shapermc_ecumenical_altar_mp_urbaneastern
D:2:      layout_basic, basic_altar, serial_shops, shop, minmay_between
D:3:      layout_rooms, serial_aquarium, aquarium_bridge_long_separate
          [aquarium_subvault_bridge, aquarium_subvault_window,
          aquarium_subvault_bridge, aquarium_subvault_bridge,
          aquarium_subvault_window, aquarium_subvault_bridge],
          aquarium_window_fake, aquarium_window_fake, aquarium_window_1,
          aquarium_window_1, aquarium_view_2e, aquarium_view_2a, uniq_sigmund
D:5:      layout_loops_ring, mainiacjoe_overflow_catwalk,
          chequers_temple_overflow_statue_of_worship,
          minmay_temple_entry_poolview

Skill      XL: |  1  2  3  4 |
---------------+-------------+-----
Conjurations   | 1 2 |  2.1
Fighting       | 1 2 |  2.7
Dodging        | 2 |  2.6
Fire Magic     | 3 |  3.4
Spellcasting   | 3 |  3.0
Air Magic      | 1 |  1.1
Poison Magic   | 1 |  1.1
Stealth        | |  1.4

Action                   |  1- 3 |  4- 6 || total
-------------------------+-------+-------++-------
Melee: Unarmed           |     9 |       ||     9
       Spear             |    28 |   150 ||   178
 Cast: Foxfire           |    47 |     1 ||    48
       Conjure Flame     |     7 |    15 ||    22
       Poisonous Vapours |       |     2 ||     2
Armor: Robe              |    26 |    32 ||    58
Dodge: Dodged            |    50 |    64 ||   114

Table legend: (Time is in decaauts)
 A = Elapsed time spent in this place.
 B = Non-inter-level travel time spent in this place.
 C = Inter-level travel time spent in this place.
 D = Time resting spent in this place.
 E = Time spent auto-exploring this place.
 F = Levels seen in this place.
 G = Mean time per level.
                   A        B        C        D        E       F      G
               +--------+--------+--------+--------+--------+-----+--------+
         Total |   5120 |   5063 |     57 |   2374 |   1919 |   4 | 1280.0 |
       Dungeon |   5120 |   5063 |     57 |   2374 |   1919 |   4 | 1280.0 |
               +--------+--------+--------+--------+--------+-----+--------+

Top non-repeatable levels by time:
     D:1: 2510 daAuts
     D:2: 1859 daAuts
     D:5: 632 daAuts
     D:3: 118 daAuts
